Map: King's Cove LE

Players

RoachyRoach

  • Race: Zerg Zerg
  • League: Diamond
  • Spawn Location: 5:00

Woah - Winner!

  • Race: Terran Terran
  • Spawn Location: 11:00

VOD

Have the link to the VOD?

Description

Time

  • Played on: June 14, 2019, 1:33 p.m.
  • Length: 7:14
Show
View Real Time Build Order
Export as new Build Order

RoachyRoach Zerg 

Build Orders: Hatch First 

Get SALT Encoding   

  12  0:02  Drone  
  13  0:35  Hatchery  
  12  0:43  Drone x2  
  14  0:54  Overlord  
  14  1:13  Drone x2  
  14  1:16  Spawning Pool  
  15  1:20  Drone  
  16  1:28  Drone  
  17  1:47  Drone  
  18  1:55  Extractor  
  18  1:58  Drone  
  18  2:05  Hatchery  
  17  2:10  Queen  
  18  2:22  Spine Crawler  
  18  2:24  Spine Crawler  
  18  2:29  Spine Crawler  
  16  2:35  Zergling x2  
  16  2:36  Zergling x8  
  21  3:14  Zergling x6  
  21  3:15  Zergling x6  
  27  3:26  Overlord  
  26  3:35  Queen  
  27  3:58  Metabolic Boost  
  26  4:08  Drone x6  
  28  4:24  Drone x2  
  28  4:25  Drone  
  28  4:30  Zergling x4  
  24  4:57  Zergling x8  
  24  4:58  Zergling x4  
  25  5:27  Zergling x8  
  24  5:30  Spine Crawler  
  22  5:39  Zergling x4  
  21  6:02  Drone x6  
  22  6:42  Hatchery  
  19  6:55  Hatchery  
  19  7:05  Hatchery  
Show
View Real Time Build Order
Export as new Build Order

Woah Terran - Winner!

Build Orders:  

Get SALT Encoding   

  12  0:01  SCV  
  13  0:14  SCV  
  13  0:21  Supply Depot  
  14  0:27  SCV  
  15  0:34  Refinery  
  15  0:44  Barracks  
  15  0:46  SCV  
  16  0:58  SCV  
  17  1:07  Refinery  
  17  1:10  SCV  
  18  1:22  SCV  
  19  1:27  Barracks  
  19  1:33  Reaper  
  20  1:43  Barracks  
  20  1:55  Orbital Command  
  20  2:10  Reaper  
  20  2:14  Reaper  
  22  2:21  SCV  
  23  2:36  Reaper  
  24  2:40  Bunker  
  24  2:42  Reaper  
  25  2:46  Reaper  
  25  2:47  SCV  
  27  3:08  Reaper  
  27  3:14  SCV, Reaper  
  27  3:16  Engineering Bay  
  27  3:17  Supply Depot  
  27  3:18  Reaper  
  30  3:40  Reaper  
  31  3:49  Reaper  
  31  3:50  Reaper  
  33  4:12  Reaper  
  34  4:21  Reaper  
  35  4:24  Reaper  
  35  4:49  Terran Infantry Weapons Level 1  
  32  5:04  Reaper  
  33  5:09  SCV, Command Center  
  33  5:12  Command Center  
  34  5:21  SCV  
  32  5:30  Reaper  
  32  5:31  Reaper  
  32  5:32  Supply Depot  
  32  5:33  SCV, Supply Depot  
  35  5:45  SCV  
  34  6:38  Reaper x3  
Tags
 
League
Diamond
Matchup
TvZ
Replay Pack
r1
Spawn Locations
Cross Positions
Add a new tag
Caveats
  • Supply blocks, unpowered buildings, or Contaminate may cause inaccurate times.
  • Supply counts are checked every 10 seconds.